 Dungeon Crawl Stone Soup version 0.29-a0-997-gf6f7e2dfe7 (webtiles) character file.

Game seed: 13417347785980071676

92 kae the Firebug (level 4, -3/25 HPs)
             Began as a Deep Elf Fire Elementalist on Aug 4, 2022.
             Slain by an iguana (11 damage)
             ... on level 3 of the Dungeon.
             The game lasted 00:01:50 (3037 turns).

kae the Firebug (Deep Elf Fire Elementalist)        Turns: 3037, Time: 00:01:50

Health: -3/25      AC:  4    Str:  5    XL:     4   Next: 35%
Magic:  4/11       EV: 11    Int: 22    God:
Gold:   157        SH:  0    Dex: 15    Spells: 1/10 levels left

rFire   . . .      SeeInvis .   m - +3 short sword (protect)
rCold   . . .      Faith    .   (no shield)
rNeg    + . .      Spirit   .   y - +0 leather armour {rN+}
rPois   .          Reflect  .   (no helmet)
rElec   .          Harm     .   j - +0 cloak
rCorr   .          Rampage  .   (no gloves)
Will    .....                   (no boots)
Stlth   ++........              (no amulet)
HPRegen 0.08/turn               (no ring)
MPRegen 0.12/turn               (no ring)

@: no status effects
A: no striking features
a: no special abilities


You were on level 3 of the Dungeon.
You visited 1 branch of the dungeon, and saw 4 of its levels.

You collected 157 gold pieces.


   Skills:
 + Level 1.0 Fighting
 - Level 2.4 Dodging
 - Level 2.4 Stealth
 + Level 3.7 Spellcasting
 * Level 2.7 Conjurations
 + Level 0.5 Hexes
 * Level 4.2 Fire Magic


You had one spell level left.
You knew the following spells:

 Your Spells              Type           Power      Damage    Failure   Level
a - Foxfire               Conj/Fire      76%        2x1d7     4%          1
b - Scorch                Fire           44%        2d7       4%          2
c - Conjure Flame         Conj/Fire      19%        6-21      14%         3
d - Inner Flame           Hex/Fire       14%        N/A       22%         3

Your spell library contained the following spells:

 Spells                   Type           Power      Damage    Failure   Level
 Flame Wave               Conj/Fire      19%        2d7       43%         4
 Borgnjor's Revivificati  Necr           2%         N/A       100%        8
 Necromutation            Tmut/Necr      2%         N/A       100%        8
 Death's Door             Necr           2%         N/A       100%        9

Inventory:

Hand Weapons
 h - the +1 whip "Vatinlie" {vorpal, rN+ Str-4 SInv}
   (You found it on level 2 of the Dungeon)

   It inflicts extra damage upon your enemies.
   Str:       It affects your strength (-4).
   rN:        It protects you from negative energy.
   SInv:      It lets you see invisible.
 m - a +3 short sword of protection (weapon)
   (You took it off a kobold on level 1 of the Dungeon)
Missiles
 c - 51 stones
 e - 8 poisoned darts
 i - 10 atropa-tipped darts
 n - 5 boomerangs
Armour
 a - a +0 robe
 j - a +0 cloak (worn)
   (You found it on level 1 of the Dungeon)
 y - a +0 leather armour of positive energy (worn)
   (You found it on level 3 of the Dungeon)
Magical Staves
 x - a staff of air {!a}
   (You found it on level 3 of the Dungeon)
Scrolls
 k - a scroll of summoning {unknown}
 r - a scroll of fear {unknown}
 s - a scroll of poison {unknown}
 t - a scroll of teleportation {unknown}
 u - 2 scrolls of immolation {unknown}
 z - a scroll of vulnerability {unknown}
 A - a scroll of noise {unknown}
Potions
 b - a potion of magic
 d - a potion of cancellation {unknown}
 f - a potion of resistance {unknown}
 g - 2 potions of mutation {unknown}
 l - 2 potions of haste {unknown}
 o - a potion of curing {unknown}
 p - a potion of heal wounds {unknown}
 q - 2 potions of degeneration {unknown}
 v - a potion of flight {unknown}
 w - a potion of invisibility {unknown}

Dungeon Overview and Level Annotations

Branches:
Dungeon (4/15) Zot: 20961  Temple (0/1) D:4

Altars:

#.########.# #.# #.#
#..........# #.# #.#
############ #.# #.# ###
#.# #.#
#.##################.# #.#
#..................#.# #.#
#..###############.#.###.#
#..# #........#.#
#..############@##.#.#.#.#
#.............l....#.#.#.#
#..#.##########.#..#.#.#.#
#..#.# #.#..#.#.#.#
##..#.#### #.#....#.#.#
.........# #.#..###.#.#
###.####.# #.#.####.#.#
#.# #.# #.#......#.# #.#
#.# #.######.#[#


You could see an iguana.


Message History

Confirm with . or Enter, or press ? or * to list all spells.
You can't see any susceptible monsters within range! (Use Z to cast anyway.)
You see here a +0 leather armour of positive energy.
c - 51 stones (gained 7)
Found a stone staircase leading up. 😎 HP[+1] MP[+6]
Your hp is fully restored (25).
Your mp is fully restored (11).
Search for what [? for help]? leat You see here a +0 leather armour of positive energy.
y - a +0 leather armour of positive energy You start removing your armour.
You continue taking off your +0 robe. x4
You finish taking off your +0 robe.
You start putting on your armour.
You continue putting on your +0 leather armour of positive energy. x5
You finish putting on your +0 leather armour of positive energy.
You feel more protected from negative energy.
You see here a +0 flail.
i - 10 atropa-tipped darts (gained 4)
u - 2 scrolls labelled ZAIGHO QEOPPIN (gained 1)
You see here a +0 dagger.
Key pressed, stopping explore.
You see here a +0 dagger.
z - a scroll labelled WASIL LAPHURI Done exploring.
Done exploring.
Done exploring.
(D) Dungeon
Where to? (Enter - D:3 @ (x,y), ? - help)
There is a stone staircase leading down here.
You climb downwards.
You hear the sound of rushing water.
There is an entrance to a sewer on this level.
Hurry and find it before the portal rusts away!
Found an escape hatch in the floor.
Found a staircase to the Ecumenical Temple.
There is a stone staircase leading up here.
Found a stone staircase leading down.
There is an escape hatch in the floor here.
Found an escape hatch in the ceiling.
A - a scroll labelled FIFIEG XEOVIC An iguana comes into view.
The iguana hisses angrily.
A hound comes into view.
There are monsters nearby!
An adder comes into view.
The adder hisses angrily.
Casting: Scorch (safe; 4% risk of failure)
Confirm with . or Enter, or press ? or * to list all spells.
You conjure some foxfire!
The hound barks!
The foxfire hits the iguana. 😎 MP[-1]
You lost 1 mp, and now have 10/11 mp.
The foxfire hits the iguana.
The iguana attacks as you move away!
The iguana bites you but does no damage.
The iguana attacks as you move away! The iguana closely misses you. 😎 MP[+1]
Your mp is fully restored (11).
There is a stone staircase leading up here.
The hound pauses to sniff the ground.
The iguana barely misses you.
You climb upwards.
There is a stone staircase leading down here.
Casting: Foxfire (safe; 4% risk of failure)
Confirm with . or Enter, or press ? or * to list all spells.
Flames lash the iguana.
The iguana's fire resistance burns away.
The iguana bites you. The iguana misses you. 😕 HP[-5] MP[-2]
You take 5 damage, and now have 20/25 hp.
You lost 2 mp, and now have 9/11 mp.
Casting: Scorch (safe; 4% risk of failure)
Confirm with . or Enter, or press ? or * to list all spells.
Flames lash the iguana but do no damage.
The iguana bites you!
The iguana is no longer more vulnerable to fire.
The iguana barely misses you. 😮 HP[-6] MP[-2]
You take 6 damage, and now have 14/25 hp.
MASSIVE DAMAGE!! (PAUSE)
You lost 2 mp, and now have 7/11 mp.
Casting: Scorch (safe; 4% risk of failure)
Confirm with . or Enter, or press ? or * to list all spells.
Flames lash the iguana.
The iguana's fire resistance burns away.
The iguana barely misses you. The iguana bites you.
* * * LOW HITPOINT WARNING * * *
😨 HP[-6] MP[-2]
You take 6 damage, and now have 8/25 hp.
MASSIVE DAMAGE!! (PAUSE)
You lost 2 mp, and now have 5/11 mp.
Casting: Scorch (safe; 4% risk of failure)
Confirm with . or Enter, or press ? or * to list all spells.
Flames lash the iguana but do no damage.
The iguana barely misses you.
The iguana is no longer more vulnerable to fire.
The iguana bites you!
You die...

Skill      XL: |  1  2  3  4 |
---------------+-------------+-----
Conjurations   | 2 |  2.7
Fire Magic     | 4 |  4.2
Fighting       | 1 |  1.0
Dodging        | |  2.4
Stealth        | |  2.4
Spellcasting   | |  3.7
Hexes          | |  0.5

Action                   |  1- 3 |  4- 6 || total
-------------------------+-------+-------++-------
Melee: Unarmed           |     4 |       ||     4
       Short sword       |     1 |       ||     1
 Cast: Foxfire           |    48 |     8 ||    56
       Scorch            |    16 |    16 ||    32
  Use: Scroll            |     1 |       ||     1
Armor: Robe              |     3 |     5 ||     8
       Leather armour    |       |     1 ||     1
Dodge: Dodged            |    17 |    12 ||    29

Levels and vault maps discovered:
D:1:      saegor_arrival_miasma, layout_loops_ring, st_stairs_1
D:2:      layout_loops_ring, basic_ecumenical_altar
D:3:      layout_basic
D:4:      lemuel_castle_with_subvaults [lemuel_castle_interior_carwin_1],
          layout_basic, minmay_temple_entry_overgrown, gup_sewer_entry_glass,
          minmay_cut_off

Notes
Turn   | Place    | Note
-------+----------+-------------------------------------------
     0 | D:1      | kae the Deep Elf Fire Elementalist began the quest for the
                  | Orb.
     0 | D:1      | Reached XP level 1. HP: 10/10 MP: 6/6
     0 | D:1      | magus.rc [v1.11.3]
    59 | D:1      | Reached XP level 2. HP: 15/15 MP: 0/8
    74 | D:1      | Learned a level 2 spell: Scorch
   532 | D:1      | Reached skill level 2 in Conjurations
   553 | D:1      | Reached XP level 3. HP: 20/20 MP: 4/9
   557 | D:1      | Learned a level 3 spell: Conjure Flame
  1096 | D:2      | Identified the +1 whip "Vatinlie" {vorpal, rN+ Str-4 SInv}
  1147 | D:2      | Reached skill level 4 in Fire Magic
  1388 | D:2      | Learned a level 3 spell: Inner Flame
  1575 | D:2      | Found a faded altar of an unknown god.
  1594 | D:2      | You add the spells Borgnjor's Revivification, Necromutation
                  | and Death's Door to your library.
  1897 | D:3      | Reached XP level 4. HP: 20/24 MP: 4/11
  2133 | D:3      | Reached skill level 1 in Fighting
  3007 | D:4      | Found a staircase to the Ecumenical Temple.
  3037 | D:3      | Slain by an iguana

Vanquished Creatures
  2 adders (D:3)
  A gnoll (D:1)
  A worm (D:3)
  A dart slug (D:2)
  An orc (D:3)
  4 endoplasms
  5 goblins
  9 hobgoblins
  5 jackals
  4 quokkas
  4 ball pythons
  5 bats
  7 kobolds
  4 rats
53 creatures vanquished.

Vanquished Creatures (others)
  88 foxfires
88 creatures vanquished.

Grand Total: 141 creatures vanquished

Table legend:
 A = Non-vault XP
 B = Vault XP
 C = Vault XP percentage of total XP
 D = Non-vault monster count
 E = Vault monster count
 F = Vault count percentage of total count
                 A         B        C        D         E       F
            +---------+---------+-------+---------+---------+-------
      Total |     128 |       4 |   3.0 |      50 |       3 |   5.7
            +---------+---------+-------+---------+---------+-------
        D:1 |      63 |       4 |   6.0 |      30 |       3 |   9.1
        D:2 |      14 |       0 |   0.0 |       7 |       0 |   0.0
        D:3 |      51 |       0 |   0.0 |      13 |       0 |   0.0
            +---------+---------+-------+---------+---------+-------

Illustrated notes

Table legend:
 A = Kills in this place as a percentage of kills in entire the game.
 B = Kills by you in this place as a percentage of kills by you in the entire game.
 C = Kills by friends in this place as a percentage of kills by friends in the entire game.
 D = Other kills in this place as a percentage of other kills in the entire game.
 E = Experience gained in this place as a percentage of experience gained in the entire game.
 F = Experience gained in this place divided by the number of levels of this place that you have seen.
                   A       B       C       D       E      F
               +-------+-------+-------+-------+-------+----------------------
         Total | 100.0 | 100.0 |   N/A |   N/A | 100.0 |  33.0
       Dungeon | 100.0 | 100.0 |   N/A |   N/A | 100.0 |  33.0
               +-------+-------+-------+-------+-------+----------------------

Table legend: (Time is in decaauts)
 A = Elapsed time spent in this place.
 B = Non-inter-level travel time spent in this place.
 C = Inter-level travel time spent in this place.
 D = Time resting spent in this place.
 E = Time spent auto-exploring this place.
 F = Levels seen in this place.
 G = Mean time per level.
                   A        B        C        D        E       F      G
               +--------+--------+--------+--------+--------+-----+--------+
         Total |   3037 |   2880 |    157 |      9 |   2496 |   4 |  759.2 |
       Dungeon |   3037 |   2880 |    157 |      9 |   2496 |   4 |  759.2 |
               +--------+--------+--------+--------+--------+-----+--------+

Top non-repeatable levels by time:
     D:3: 1157 daAuts
     D:1: 1089 daAuts
     D:2: 768 daAuts
     D:4: 21 daAuts
